MLB
TEXAS RANGERS @ SEATTLE MARINERS
09/17/2049
 
TOP OF THE 1ST
Texas Rangers batting - Pitching for Seattle Mariners : LHP David Anaya
Pitching: LHP David Anaya
Batting: SHB Tony Prado 0-0: Ball
1-0: Called Strike
1-1: Foul Ball, location: 2F
1-2: Ball
2-2: Strikes out swinging
Batting: RHB Marc Peckermark 0-0: Ball
1-0: Bunt for hit to 15S - play at first, batter safe!
Batting: RHB Imbart Faber 0-0: Ball
Marc Peckermark is caught stealing 2nd base 2-4
1-0: Ball
2-0: Ball
3-0: Called Strike
3-1: Foul Ball, location: 2F
3-2: Ground out 4-3 (Groundball, 34, EV 103.8 MPH)
Top of the 1st over - 0 runs, 1 hit, 0 errors, 0 left on base; Texas 0 - Seattle 0
BOTTOM OF THE 1ST
Seattle Mariners batting - Pitching for Texas Rangers : RHP Franz Holzknecht
Pitching: RHP Franz Holzknecht
Batting: RHB Tony Vargas 0-0: Swinging Strike
0-1: Ball
1-1: Foul Ball, location: 2F
1-2: Ball
2-2: SINGLE (Line Drive, 34D, EV 99.4 MPH)
Batting: LHB Dae-ik Yoon 0-0: Sac Bunt to P - play at first, batter OUT! 1-3
Tony Vargas to second
Batting: RHB Jose Vasquez 0-0: Ball
1-0: Fly out, F9 (Flyball, 9, EV 85.0 MPH)
Runner from 2nd tags up, SAFE at 3rd with throw by RF
Batting: LHB Tommy Luce 0-0: Swinging Strike
0-1: Foul Ball, location: 2F
0-2: Ball
1-2: Ball
2-2: Foul Ball, location: 2F
2-2: Fly out, F7 (Flyball, 7, EV 95.6 MPH)
Bottom of the 1st over - 0 runs, 1 hit, 0 errors, 1 left on base; Texas 0 - Seattle 0
TOP OF THE 2ND
Texas Rangers batting - Pitching for Seattle Mariners : LHP David Anaya
Batting: SHB John Giesbrecht 0-0: Ground out 5-3 (Groundball, 56, EV 86.9 MPH)
Batting: RHB Blake Ballard 0-0: SOLO HOME RUN (Flyball, 7LD, EV 95.6 MPH), Distance : 352 ft
Batting: RHB Zhao-ji Chi 0-0: Ground out 4-3 (Groundball, 4, EV 80.6 MPH)
Batting: SHB Rich Chavez 0-0: Ball
1-0: Fly out, F9 (Line Drive, 89M, EV 91.9 MPH)
Top of the 2nd over - 1 run, 1 hit, 0 errors, 0 left on base; Texas 1 - Seattle 0
BOTTOM OF THE 2ND
Seattle Mariners batting - Pitching for Texas Rangers : RHP Franz Holzknecht
Batting: RHB Pavpv Ivanushkin 0-0: Called Strike
0-1: Ball
1-1: Ground out 5-3 (Groundball, 56S, EV 84.4 MPH)
Batting: RHB Jimmy Hammertime 0-0: SINGLE (Groundball, 6MD, EV 105.6 MPH)
Batting: SHB Ray Skogen 0-0: Fielders Choice at 2nd, 4-6 (Groundball, 34, EV 83.8 MPH)
Batting: RHB Malik Brookshire 0-0: Foul Ball, location: 2F
0-1: Called Strike
0-2: Reached on error, E4 (Groundball, 4, EV 83.8 MPH)
Ray Skogen to second
Batting: RHB Max Schellekens 0-0: Ball
1-0: Ground out 4-3 (Groundball, 34D, EV 98.8 MPH)
Bottom of the 2nd over - 0 runs, 1 hit, 1 error, 2 left on base; Texas 1 - Seattle 0
TOP OF THE 3RD
Texas Rangers batting - Pitching for Seattle Mariners : LHP David Anaya
Batting: RHB Josh Ferguson 0-0: Called Strike
0-1: Foul Ball, location: 2F
0-2: Ball
1-2: Ball
2-2: Fly out, F3 (Popup, 34S, EV 78.8 MPH)
Batting: SHB Vince Ealy 0-0: Ball
1-0: Foul Ball, location: 2F
1-1: Foul Ball, location: 2F
1-2: Ball
2-2: Foul Ball, location: 2F
2-2: Fly out, F4 (Popup, 4S, EV 75.0 MPH)
Batting: SHB Tony Prado 0-0: Called Strike
0-1: Foul Ball, location: 2F
0-2: Fly out, F7 (Flyball, 7LM, EV 91.2 MPH)
Top of the 3rd over - 0 runs, 0 hits, 0 errors, 0 left on base; Texas 1 - Seattle 0
BOTTOM OF THE 3RD
Seattle Mariners batting - Pitching for Texas Rangers : RHP Franz Holzknecht
Batting: RHB Tony Vargas 0-0: Ball
1-0: DOUBLE (Flyball, 89D, EV 98.8 MPH)
Batting: LHB Dae-ik Yoon 0-0: Called Strike
0-1: Ball
1-1: Foul Ball, location: 2F
1-2: Ball
2-2: Ball
3-2: Foul Ball, location: 2F
3-2: Foul Ball, location: 2F
3-2: Base on Balls
Batting: RHB Jose Vasquez 0-0: Ball
1-0: Called Strike
1-1: Ball
2-1: Fly out, F8 (Line Drive, 8LD, EV 92.5 MPH)
Batting: LHB Tommy Luce 0-0: Called Strike
0-1: Ball
Wild Pitch!
Tony Vargas to third
Dae-ik Yoon to second
1-1: Called Strike
1-2: Ball
2-2: Ball
3-2: Strikes out swinging
Batting: RHB Pavpv Ivanushkin 0-0: Ball
1-0: Ball
2-0: Foul Ball, location: 2F
2-1: Foul Ball, location: 2F
2-2: Strikes out swinging
Bottom of the 3rd over - 0 runs, 1 hit, 0 errors, 2 left on base; Texas 1 - Seattle 0
TOP OF THE 4TH
Texas Rangers batting - Pitching for Seattle Mariners : LHP David Anaya
Batting: RHB Marc Peckermark 0-0: Called Strike
0-1: Swinging Strike
0-2: Fly out, F8 (Flyball, 8RXD, EV 103.1 MPH)
Batting: RHB Imbart Faber 0-0: Called Strike
0-1: Called Strike
0-2: Strikes out looking
Batting: SHB John Giesbrecht 0-0: Foul Ball, location: 2F
0-1: Foul Ball, location: 2F
0-2: Ball
1-2: Ball
2-2: SOLO HOME RUN (Flyball, 7D, EV 97.5 MPH), Distance : 367 ft
Batting: RHB Blake Ballard 0-0: Ball
1-0: Fly out, F6 (Popup, 15, EV 78.1 MPH)
Top of the 4th over - 1 run, 1 hit, 0 errors, 0 left on base; Texas 2 - Seattle 0
BOTTOM OF THE 4TH
Seattle Mariners batting - Pitching for Texas Rangers : RHP Franz Holzknecht
Batting: RHB Jimmy Hammertime 0-0: Called Strike
0-1: Called Strike
0-2: Foul Ball, location: 2F
0-2: Ball
1-2: Ball
2-2: Strikes out swinging
Batting: SHB Ray Skogen 0-0: Called Strike
0-1: Fly out, F4 (Popup, 4M, EV 75.0 MPH)
Batting: RHB Malik Brookshire 0-0: Ball
1-0: Ball
2-0: Foul Ball, location: 2F
2-1: Foul Ball, location: 2F
2-2: Foul Ball, location: 2F
2-2: Fly out, F9 (Flyball, 9, EV 85.6 MPH)
Bottom of the 4th over - 0 runs, 0 hits, 0 errors, 0 left on base; Texas 2 - Seattle 0
TOP OF THE 5TH
Texas Rangers batting - Pitching for Seattle Mariners : LHP David Anaya
Batting: RHB Zhao-ji Chi 0-0: SINGLE (Groundball, 56D, EV 111.2 MPH)
Batting: SHB Rich Chavez 0-0: Ball
1-0: Swinging Strike
1-1: Foul Ball, location: 2F
1-2: Strikes out looking
Batting: RHB Josh Ferguson 0-0: Grounds into double play, 5-4-3 (Groundball, 56S, EV 82.5 MPH)
Top of the 5th over - 0 runs, 1 hit, 0 errors, 0 left on base; Texas 2 - Seattle 0
BOTTOM OF THE 5TH
Seattle Mariners batting - Pitching for Texas Rangers : RHP Franz Holzknecht
Batting: RHB Max Schellekens 0-0: Reached on error, E4 (Groundball, 4, EV 86.9 MPH)
Batting: RHB Tony Vargas 0-0: Fielders Choice at 2nd, 4-6 (Groundball, 34, EV 108.1 MPH)
Batting: LHB Dae-ik Yoon 0-0: Ball
1-0: Foul Ball, location: 2F
1-1: Foul Ball, location: 2F
1-2: Strikes out swinging
Tony Vargas steals 2nd, throwing error, E2
Tony Vargas to third
Batting: RHB Jose Vasquez 0-0: Ball
1-0: SINGLE (Line Drive, 34D, EV 100.0 MPH)
Tony Vargas scores
Batting: LHB Tommy Luce 0-0: Called Strike
0-1: Ball
1-1: Fly out, F7 (Flyball, 78M, EV 95.0 MPH)
Bottom of the 5th over - 1 run, 1 hit, 2 errors, 1 left on base; Texas 2 - Seattle 1
TOP OF THE 6TH
Texas Rangers batting - Pitching for Seattle Mariners : LHP David Anaya
Batting: SHB Vince Ealy 0-0: Ball
1-0: Swinging Strike
1-1: Ball
2-1: Fly out, F9 (Flyball, 9, EV 93.1 MPH)
Batting: SHB Tony Prado 0-0: Ball
1-0: Ball
2-0: Called Strike
2-1: Foul Ball, location: 2F
2-2: Fly out, F9 (Flyball, 9D, EV 93.8 MPH)
Batting: RHB Marc Peckermark 0-0: Foul Ball, location: 2F
0-1: Foul Ball, location: 2F
0-2: Foul Ball, location: 2F
0-2: Ball
1-2: Ball
2-2: Ball
3-2: Foul Ball, location: 2F
3-2: Foul Ball, location: 2F
3-2: Ground out 1-3 (Groundball, 34S, EV 68.8 MPH)
Top of the 6th over - 0 runs, 0 hits, 0 errors, 0 left on base; Texas 2 - Seattle 1
BOTTOM OF THE 6TH
Seattle Mariners batting - Pitching for Texas Rangers : RHP Franz Holzknecht
Batting: RHB Pavpv Ivanushkin 0-0: Swinging Strike
0-1: Ball
1-1: SINGLE (Groundball, 6D, EV 106.2 MPH)
Batting: RHB Jimmy Hammertime 0-0: Called Strike
0-1: Grounds into double play, 5-4-3 (Groundball, 56S, EV 85.0 MPH)
Batting: SHB Ray Skogen 0-0: Swinging Strike
0-1: Ball
1-1: Ball
2-1: Ball
3-1: Called Strike
3-2: Strikes out swinging
Bottom of the 6th over - 0 runs, 1 hit, 0 errors, 0 left on base; Texas 2 - Seattle 1
TOP OF THE 7TH
Texas Rangers batting - Pitching for Seattle Mariners : LHP David Anaya
Batting: RHB Imbart Faber 0-0: Ball
1-0: Swinging Strike
1-1: Swinging Strike
1-2: Ball
2-2: Ground out 3-1 (Groundball, 34S, EV 81.2 MPH)
Batting: SHB John Giesbrecht 0-0: Ball
1-0: Ball
2-0: Ball
3-0: Called Strike
3-1: Swinging Strike
3-2: Fly out, F9 (Flyball, 9, EV 67.5 MPH)
Batting: RHB Blake Ballard 0-0: Ball
1-0: Called Strike
1-1: Ball
2-1: Ground out 6-3 (Groundball, P, EV 82.5 MPH)
Top of the 7th over - 0 runs, 0 hits, 0 errors, 0 left on base; Texas 2 - Seattle 1
BOTTOM OF THE 7TH
Seattle Mariners batting - Pitching for Texas Rangers : RHP Franz Holzknecht
Now at 3B: Travis Robinson
Batting: RHB Malik Brookshire 0-0: Swinging Strike
0-1: Ball
1-1: Ground out 6-3 (Groundball, 6, EV 100.6 MPH)
Batting: RHB Max Schellekens 0-0: Ball
1-0: Called Strike
1-1: Hit by Pitch
Batting: RHB Tony Vargas 0-0: Ball
1-0: Ball
2-0: Called Strike
2-1: Ball
3-1: Base on Balls
Max Schellekens to second
Batting: LHB Dae-ik Yoon 0-0: Ground out 5-3 (Groundball, 5S, EV 68.8 MPH)
Max Schellekens to third
Tony Vargas to second
Batting: RHB Jose Vasquez 0-0: Foul Ball, location: 2F
0-1: Called Strike
0-2: Ball
1-2: Ball
2-2: Ball
3-2: Fly out, F7 (Line Drive, 7, EV 93.8 MPH)
Bottom of the 7th over - 0 runs, 0 hits, 0 errors, 2 left on base; Texas 2 - Seattle 1
TOP OF THE 8TH
Texas Rangers batting - Pitching for Seattle Mariners : LHP David Anaya
Batting: RHB Zhao-ji Chi 0-0: Ball
1-0: Ground out 5-3 (Groundball, 56S, EV 93.1 MPH)
Batting: SHB Rich Chavez 0-0: Foul Ball, location: 2F
0-1: Ball
1-1: Ball
2-1: Fly out, F9 (Flyball, 9LS, EV 88.1 MPH)
Batting: RHB Josh Ferguson 0-0: Ball
1-0: Called Strike
1-1: SINGLE (Groundball, 6MD, EV 104.4 MPH)
Batting: SHB Vince Ealy 0-0: Called Strike
0-1: Called Strike
0-2: Ball
1-2: Ball
2-2: 2-RUN HOME RUN (Line Drive, 78XD, EV 101.2 MPH), Distance : 392 ft
Batting: SHB Tony Prado 0-0: SINGLE (Groundball, 56D, EV 103.1 MPH)
Batting: RHB Marc Peckermark 0-0: Fly out, F9 (Flyball, 9S, EV 91.9 MPH)
Top of the 8th over - 2 runs, 3 hits, 0 errors, 1 left on base; Texas 4 - Seattle 1
BOTTOM OF THE 8TH
Seattle Mariners batting - Pitching for Texas Rangers : RHP Franz Holzknecht
Pitching: RHP Mike Webb
Batting: LHB Tommy Luce 0-0: Ball
1-0: Ball
2-0: Ball
3-0: Foul Ball, location: 2F
3-1: Fly out, F9 (Flyball, 9LS, EV 83.8 MPH)
Batting: RHB Pavpv Ivanushkin 0-0: Ball
1-0: Foul Ball, location: 2F
1-1: Ground out U3 (Groundball, 34S, EV 80.0 MPH)
Batting: RHB Jimmy Hammertime 0-0: Called Strike
0-1: Swinging Strike
0-2: Ball
1-2: Strikes out swinging
Bottom of the 8th over - 0 runs, 0 hits, 0 errors, 0 left on base; Texas 4 - Seattle 1
TOP OF THE 9TH
Texas Rangers batting - Pitching for Seattle Mariners : LHP David Anaya
Batting: RHB Travis Robinson 0-0: Ball
1-0: Fly out, F7 (Flyball, 7LS, EV 96.9 MPH)
Batting: SHB John Giesbrecht 0-0: Called Strike
0-1: Foul Ball, location: 2F
0-2: Ball
1-2: Foul Ball, location: 2F
1-2: Ball
2-2: Foul Ball, location: 2F
2-2: Ball
3-2: Fly out, F9 (Line Drive, 9D, EV 91.9 MPH)
Pitching: RHP Omar Colunga
Batting: RHB Blake Ballard 0-0: Called Strike
0-1: Foul Ball, location: 2F
0-2: Foul Ball, location: 2F
0-2: Strikes out swinging
Top of the 9th over - 0 runs, 0 hits, 0 errors, 0 left on base; Texas 4 - Seattle 1
BOTTOM OF THE 9TH
Seattle Mariners batting - Pitching for Texas Rangers : RHP Mike Webb
Pitching: RHP Kyle Curve
Batting: SHB Ray Skogen 0-0: Ball
1-0: Called Strike
1-1: SINGLE (Groundball, 3D, EV 108.1 MPH)
Batting: RHB Malik Brookshire 0-0: Called Strike
0-1: Fly out, F8 (Flyball, 8RD, EV 98.1 MPH)
Batting: RHB Max Schellekens 0-0: Ball
1-0: Ball
2-0: Grounds into double play, 5-4-3 (Groundball, 5S, EV 79.4 MPH)
Bottom of the 9th over - 0 runs, 1 hit, 0 errors, 0 left on base; Texas 4 - Seattle 1
Sunday, July 16th , 2023 - OOTP Baseball 24.6 Build 69